 Dungeon Crawl Stone Soup version 0.26-a0-712-ga5a9c9c9d0 (webtiles) character file.

Game seed: 10208507036485017132

(classic levelgen) 9635 EnegeticOcto the Cleaver (level 11, 0/100 HPs)
             Began as a Deep Dwarf Fighter on Nov 3, 2020.
             Was a Priest of Makhleb.
             Killed from afar by an electric eel (2 damage)
             ... with a bolt of electricity
             ... on level 11 of the Dungeon.
             The game lasted 00:04:28 (5726 turns).

EnegeticOcto the Cleaver (Deep Dwarf Fighter)       Turns: 5726, Time: 00:04:29

Health: 0/100      AC: 18    Str: 24    XL:     11   Next: 25%
Magic:  7/7        EV:  7    Int:  8    God:    Makhleb [***...]
Gold:   608        SH: 12    Dex: 12    Spells: 10/10 levels left

rFire    . . .     SeeInvis .   a - +1 war axe
rCold    . . .     Faith    .   c - +0 kite shield
rNeg     . . .     Spirit   .   w - +0 chain mail
rPois    .         Reflect  .   l - +0 helmet
rElec    .         Harm     .   q - +2 cloak {rCorr}
rCorr    +         Rampage  .   j - +1 pair of gloves
MR       ++...                  (no boots)
Stlth    ..........             (no amulet)
HPRegen  0.00/turn              y - ring of protection from magic
MPRegen  0.10/turn              (no ring)

@: non-regenerating
A: damage resistance, heal wounds, sense surroundings 2, no regeneration
a: Heal Wounds, Minor Destruction, Lesser Servant of Makhleb, Renounce Religion


You were on level 11 of the Dungeon.
You worshipped Makhleb.
Makhleb was most pleased with you.
You visited 2 branches of the dungeon, and saw 12 of its levels.

You collected 713 gold pieces.
You spent 105 gold pieces at shops.

Inventory:

Hand Weapons
 a - a +1 war axe (weapon)
Armour
 b - a +0 scale mail
 c - a +0 kite shield (worn)
 j - a +1 pair of gloves (worn)
 l - a +0 helmet (worn)
 q - a +2 cloak of preservation (worn)
 w - a +0 chain mail (worn)
Jewellery
 o - an uncursed amulet of the acrobat
 y - a ring of protection from magic (left hand)
Wands
 e - a wand of iceblast (3) {@v2}
 z - a wand of paralysis (8)
Scrolls
 g - a scroll of fear
 k - 7 scrolls of remove curse {@r2}
 m - 5 scrolls of teleportation {@r3}
 t - a scroll of blinking
Potions
 d - 2 potions of might {@q3}
 f - a potion of resistance {unknown}
 h - 4 potions of haste {@q4}
 i - a potion of magic
 n - a potion of invisibility
 p - 2 potions of flight
 s - 4 potions of curing {@q1}
 u - a potion of heal wounds {@q2}
 v - a potion of stabbing {unknown}
 x - a potion of mutation {unknown}
Miscellaneous
 r - a phantom mirror


   Skills:
 + Level 7.1 Fighting
 * Level 11.2 Axes
 + Level 8.7 Armour
 + Level 8.7 Shields
 * Level 9.4 Invocations


You had 10 spell levels left.
You didn't know any spells.
Your spell library was empty.

Dungeon Overview and Level Annotations

Branches:
Dungeon (11/15)            Temple (1/1) D:4             Orc (0/2) D:9
   Lair: D:8-11

Altars:
Cheibriados
Elyvilon
Hepliaklqana
Kikubaaqudgha
Makhleb
Nemelex Xobeh
Okawaru
Qazlal
Trog
Vehumet
Wu Jian
Yredelemnul
Zin
The Shining One

Shops:
D:10 *

Annotations:
D:7 3 runed translucent doors, loralnil's ghost, novice NaVM


Innate Abilities, Weirdness & Mutations

You are resistant to damage.
You can heal yourself by infusing magical energy.
You passively map the area around you.
You do not regenerate.


Message History

You are too injured to fight recklessly!
You are too injured to fight recklessly!
You are too injured to fight recklessly!
You are too injured to fight recklessly!
You are too injured to fight recklessly!
You are too injured to fight recklessly!
You are too injured to fight recklessly!
You are too injured to fight recklessly!
You are too injured to fight recklessly!
You are too injured to fight recklessly!
You are too injured to fight recklessly!
You are too injured to fight recklessly!
You are too injured to fight recklessly!
You are too injured to fight recklessly!
You are too injured to fight recklessly!
You are too injured to fight recklessly!
You are too injured to fight recklessly!
You are too injured to fight recklessly!
You are too injured to fight recklessly!
You are too injured to fight recklessly!
You are too injured to fight recklessly!
You are too injured to fight recklessly!
You are too injured to fight recklessly!
You are too injured to fight recklessly!
You are too injured to fight recklessly!
You are too injured to fight recklessly!
You are too injured to fight recklessly!
You are too injured to fight recklessly!
You are too injured to fight recklessly!
You are too injured to fight recklessly!
You are too injured to fight recklessly!
You feel much better.
The electric eel shoots out a bolt of lightning at you!
The bolt of electricity hits you.
The electric eel shoots out a bolt of lightning at you!
The bolt of electricity hits you!
The bolt of electricity hits the electric eel.
The electric eel completely resists.
The electric eel shoots out a bolt of lightning at you!
The bolt of electricity misses you.
The bolt of electricity misses the electric eel.
Your magical essence is drained by the effort!
You feel much better.
The phantom hits you but does no damage.
The electric eel shoots out a bolt of lightning at you!
The bolt of electricity hits you!
The bolt of electricity hits the electric eel.
The electric eel completely resists.
The electric eel shoots out a bolt of lightning at you!
The bolt of electricity hits you!
The bolt of electricity hits the electric eel.
The electric eel completely resists.
You closely miss the phantom.
The phantom is almost destroyed.
You closely miss the electric eel. You slash the electric eel!
The phantom hits you but does no damage.
The phantom hits you but does no damage.
The electric eel shoots out a bolt of lightning at you!
The bolt of electricity hits you!
The phantom hits you but does no damage.
The electric eel shoots out a bolt of lightning at you!
The bolt of electricity hits you.
The electric eel shoots out a bolt of lightning at you!
The bolt of electricity hits you.
The electric eel shoots out a bolt of lightning at you!
The bolt of electricity hits you.
The phantom blinks!
The electric eel shoots out a bolt of lightning at you!
The bolt of electricity hits you!
The electric eel shoots out a bolt of lightning at you!
The bolt of electricity hits you!
The electric eel shoots out a bolt of lightning at you!
The bolt of electricity hits you!
* * * LOW HITPOINT WARNING * * *
The electric eel shoots out a bolt of lightning at you!
The bolt of electricity hits you.
* * * LOW HITPOINT WARNING * * *
The electric eel shoots out a bolt of lightning at you!
The bolt of electricity hits you.
* * * LOW HITPOINT WARNING * * *
The bolt of electricity misses the electric eel.
The phantom blinks!
The electric eel shoots out a bolt of lightning at you!
The bolt of electricity hits you but does no damage.
The bolt of electricity hits the electric eel.
The electric eel completely resists.
The electric eel shoots out a bolt of lightning at you!
The bolt of electricity hits you.
* * * LOW HITPOINT WARNING * * *
You block the phantom's attack.
The phantom hits you but does no damage.
The electric eel shoots out a bolt of lightning at you!
The bolt of electricity hits you!
* * * LOW HITPOINT WARNING * * *
The bolt of electricity hits the electric eel.
The electric eel completely resists.
The phantom blinks!
The electric eel shoots out a bolt of lightning at you!
The bolt of electricity hits you.
You die...

,* ,** , , , , * ,
,*≈≈≈≈≈≈..≈.≈≈≈..
, *,,
.≈≈≈≈≈....≈≈≈..# ,
..≈≈≈....≈≈≈...##
, ,,,
*..≈≈.≈≈.≈≈≈≈..$..
, ,, ,
.≈W.≈≈≈.≈≈≈≈≈.$..
, , ,
...≈≈≈≈.≈≈≈≈≈..# ,
,, ,
..≈≈≈≈§.≈.≈≈.≈.# *
, , , ,
+....≈≈;@≈.;≈...#
,, , * ,
*.....≈;.≈.≈....#
, ,,, ,,
.........)[)...#
*, , ,, ,
.........).†...#
*,,,, * ,, ,
....#######†#### ,
,, ,.... ##.# ,* ,
....######..# , *
, ............# ,
* , ...#....#.# ,
,


You could see a phantom and 3 electric eels.

Vanquished Creatures
  An unseen horror (D:10)
  An ugly thing (D:11)
  A gargoyle (D:10)
  Maggie (D:8)
  3 centaur skeletons (D:10)
  3 trolls
  A hornet (D:9)
  2 polar bears (D:9)
  11 yaks
  A water moccasin (D:8)
  3 orc warriors
  A sky beast (D:11)
  2 black bears (D:9)
  2 necrophages
  3 phantoms
  4 ice beasts
  8 ogres
  6 wolves
  2 centaurs
  2 bullfrogs
  A scorpion (D:5)
  An oklob sapling (D:4)
  4 wights (D:10)
  4 howler monkeys
  3 electric eels (D:9)
  A quasit (D:9)
  A bullfrog zombie (D:10)
  2 jellies
  A gnoll shaman (D:6)
  10 hounds
  4 orc priests
  8 orc wizards
  4 worker ants
  2 centaur simulacra (D:9)
  A hound zombie (D:9)
  A hound skeleton (D:7)
  8 gnolls (D:6)
  A howler monkey skeleton (D:4)
  8 adders
  A shadow imp (D:8)
  7 white imps
  A howler monkey simulacrum (D:9)
  2 worker ant simulacra (D:9)
  7 ufetubi
  2 adder skeletons
  3 worms
  A dart slug (D:4)
  2 adder simulacra (D:9)
  46 orcs
  A giant cockroach (D:5)
  6 goblins
  A hobgoblin (D:3)
  2 jackals (D:11)
  A kobold (D:3)
  3 bats
  3 frilled lizards
  A quokka skeleton (D:7)
  2 rats (D:1)
215 creatures vanquished.

Vanquished Creatures (others)
  An orc (D:11)
  2 bushes (D:9)
  20 plants (D:4)
23 creatures vanquished.

Grand Total: 238 creatures vanquished

Notes
Turn   | Place    | Note
-------+----------+-------------------------------------------
     0 | D:1      | EnegeticOcto the Deep Dwarf Fighter began the quest for the
                  | Orb.
     0 | D:1      | Reached XP level 1. HP: 20/20 MP: 1/1
   173 | D:2      | Reached XP level 2. HP: 21/27 MP: 2/2
   312 | D:2      | Reached skill level 3 in Axes
   312 | D:2      | Reached XP level 3. HP: 26/33 MP: 3/3
   589 | D:4      | Noticed a phantom
   695 | D:4      | Reached XP level 4. HP: 27/42 MP: 4/4
   705 | D:4      | Reached skill level 4 in Axes
   705 | D:4      | Reached XP level 5. HP: 47/49 MP: 5/5
   737 | D:4      | Killed a phantom
   842 | D:4      | Reached XP level 6. HP: 41/56 MP: 6/6
   956 | D:4      | Reached skill level 5 in Axes
  1096 | D:4      | Reached XP level 7. HP: 53/64 MP: 7/7
  1113 | D:5      | Entered Level 5 of the Dungeon
  1137 | D:5      | Reached skill level 5 in Armour
  1137 | D:5      | Reached skill level 5 in Shields
  1161 | D:5      | Found a bloodstained altar of Trog.
  1308 | D:5      | Reached skill level 6 in Axes
  1700 | D:6      | Reached XP level 8. HP: 60/73 MP: 7/7
  1819 | D:6      | Reached skill level 7 in Axes
  2313 | D:6      | Reached skill level 5 in Fighting
  2746 | D:7      | Found a runed translucent gate.
  2746 | D:7      | Found a runed translucent gate.
  2746 | D:7      | Found a runed translucent gate.
  2746 | D:7      | Noticed loralnil's ghost (novice NaVM)
  2903 | D:7      | Reached skill level 8 in Axes
  3150 | D:4      | Found a staircase to the Ecumenical Temple.
  3166 | Temple   | Entered the Ecumenical Temple
  3225 | Temple   | Became a worshipper of Makhleb the Destroyer
  3381 | D:8      | Noticed Maggie
  3394 | D:8      | Killed Maggie
  3394 | D:8      | Gained mutation: You passively map the area around you.
                  | [Deep Dwarf growth]
  3394 | D:8      | Reached XP level 9. HP: 46/81 MP: 6/8
  3512 | D:8      | Found an iron altar of Okawaru.
  3881 | D:9      | Reached skill level 9 in Axes
  3995 | D:9      | Noticed a troll
  4012 | D:9      | Killed a troll
  4016 | D:9      | Reached skill level 5 in Invocations
  4036 | D:9      | Found a bloodstained altar of Trog.
  4047 | D:9      | Reached * piety under Makhleb
  4049 | D:9      | Noticed a polar bear
  4069 | D:9      | Noticed a polar bear
  4074 | D:9      | Reached XP level 10. HP: 61/91 MP: 8/8
  4130 | D:9      | Reached skill level 10 in Axes
  4208 | D:9      | Reached ** piety under Makhleb
  4275 | D:9      | Found a staircase to the Orcish Mines.
  4455 | D:9      | Paralysed by a hornet for 3 turns
  4873 | D:10     | Entered Level 10 of the Dungeon
  4922 | D:10     | Found Qicu's General Store.
  4928 | D:10     | Bought a scroll of blinking for 105 gold pieces
  4979 | D:10     | Noticed a gargoyle
  5007 | D:10     | Killed a gargoyle
  5172 | D:10     | Killed an unseen horror
  5172 | D:10     | Reached XP level 11. HP: 47/100 MP: 9/9
  5267 | D:10     | Reached skill level 11 in Axes
  5686 | D:11     | Noticed a brown ugly thing
  5691 | D:11     | Reached *** piety under Makhleb
  5708 | D:11     | Killed a brown ugly thing
  5725 | D:11     | HP: 2/100 [electric eel/bolt of electricity (12)]
  5726 | D:11     | Killed from afar by an electric eel

Illustrated notes

Levels and vault maps discovered:
D:1:      lemuel_arrival_funnel, layout_rooms, serial_glass, glass_columns_a,
          glass_columns_a
D:2:      layout_basic, palyth_stone_intersect
D:3:      layout_basic, ebering_ghost_disaster_area, uniq_natasha
D:4:      layout_basic, minmay_temple_entry_oklob
D:5:      layout_cave_pools, kennysheep_mini
D:6:      layout_basic, hangedman_abyss_or_decor_lesser_grid
D:7:      layout_gridville, ebering_ghost_rock_garden
D:8:      layout_cave_pools, basic_altar, uniq_maggie
D:9:      layout_grid_maze, orc_0_dummy, serial_ice, serial_ice_d, serial_ice_h,
          serial_ice_b, serial_ice_g, serial_ice_j, serial_ice_o, serial_ice_n,
          serial_ice_c, trog_ov_bears_minmay
D:10:     layout_rooms, serial_shops, shop
D:11:     layout_stronghold, erik_lair_island, uniq_urug, uniq_nergalle
Temple:   compressed_dpeg_circular_temple

Skill      XL: |  1  2  3  4  5  6  7  8  9 10 11 |
---------------+----------------------------------+-----
Axes           | 3 4 5 6 8 9 10 11 | 11.2
Fighting       | 3 4 5 6 7 |  7.1
Armour         | 4 5 6 7 8 |  8.7
Shields        | 4 5 6 7 8 |  8.7
Invocations    | 2 5 8 9 |  9.4

Action                   |  1- 3 |  4- 6 |  7- 9 | 10-12 || total
-------------------------+-------+-------+-------+-------++-------
Melee: War axe           |   103 |    79 |   383 |   321 ||   886
 Abil: Heal Wounds       |     3 |     2 |    18 |    24 ||    47
Evoke: Wand              |       |       |     7 |       ||     7
  Use: Scroll            |       |       |    14 |     4 ||    18
Armor: Scale mail        |    33 |    31 |    33 |       ||    97
       Chain mail        |       |       |   255 |   266 ||   521
Dodge: Dodged            |    25 |    14 |   142 |   111 ||   292
Block: Kite shield       |    45 |    32 |   276 |   235 ||   588

Table legend: (Time is in decaauts)
 A = Elapsed time spent in this place.
 B = Non-inter-level travel time spent in this place.
 C = Inter-level travel time spent in this place.
 D = Time resting spent in this place.
 E = Time spent auto-exploring this place.
 F = Levels seen in this place.
 G = Mean time per level.
                   A        B        C        D        E       F      G
               +--------+--------+--------+--------+--------+-----+--------+
         Total |   5883 |   5316 |    567 |      0 |   3612 |  12 |  490.2 |
       Dungeon |   5814 |   5274 |    540 |      0 |   3573 |  11 |  528.5 |
        Temple |     68 |     41 |     27 |      0 |     39 |   1 |   68.0 |
               +--------+--------+--------+--------+--------+-----+--------+

Top non-repeatable levels by time:
     D:9: 1146 daAuts
     D:6: 845 daAuts
     D:4: 679 daAuts
     D:7: 658 daAuts
     D:5: 586 daAuts
    D:10: 547 daAuts
     D:8: 440 daAuts
     D:2: 363 daAuts
    D:11: 304 daAuts
     D:1: 164 daAuts
     D:3: 77 daAuts
  Temple: 68 daAuts
